AoeStats
← ogipochi_

Arabia

505598264Analyzed
3v3 RM · 23d ago on Sep 10, 2026· 15m 20s· 6 players
Game mode
Random Map
Map size
Normal (6 player)
Population
200
Speed
Normal
Resources
Standard
Victory
Conquest
Starting age
Dark Age
Ending age
Imperial Age
RankedLock teamsTeams togetherTeam positionsShared explorationLock speedFull tech treeHidden civsTurbo modeCheats
Victory
Defeat
🇨🇴 Vikings · Colombia
799
+13
🇨🇴 Poles · Colombia
760
+15
🇨🇴 Spanish · Colombia
670
+19
🇯🇵 Britons · Japan
764
-17
🇦🇺 Vikings · Australia
737
-16
🇨🇱 Burgundians · Chile
698
-14
FDAGZ
3:38 Loom
9:54 Feudal Age
10:43 Double-Bit Axe
13:04 Horse Collar
Ivan Felipe HD
5:16 Loom
11:01 Feudal Age
12:29 Wheelbarrow
11:47 Double-Bit Axe
11:44 Horse Collar
slim Shady1318
11:44 Feudal Age
12:36 Double-Bit Axe
12:53 Horse Collar
14:41 Loom
ogipochi_
7:36 Loom
10:34 Feudal Age
11:04 Double-Bit Axe
11:02 Horse Collar
12:46 Gold Mining
HenryDxebec
5:49 Double-Bit Axe
8:59 Wheelbarrow
9:45 Loom
11:55 Feudal Age
10:09 Horse Collar
13:00 Bow Saw
13:55 Heavy Plow
14:49 Hand Cart
AussieHoon
4:38 Loom
12:08 Feudal Age
14:55 Forging
14:40 Horse Collar
14:47 Double-Bit Axe
Connection lost

Rejoining the realm…

Still unreachable

The connection could not be restored.

Session expired

The server has moved on; the page needs a fresh start.